 Dungeon Crawl Stone Soup version 0.27-a0-1123-g2f9bb313c0 (webtiles) character file.

Game seed: 9417744071023569547

9 Zeld the Shield-Bearer (level 2, -3/21 HPs)
             Began as an Octopode Fighter on May 3, 2021.
             Slain by a kobold
             ... wielding a +0 short sword
              (6 damage)
             ... on level 1 of the Dungeon.
             The game lasted 00:00:38 (277 turns).

Zeld the Shield-Bearer (Octopode Fighter)            Turns: 277, Time: 00:00:38

Health: -3/21      AC:  1    Str: 15    XL:     2   Next: 12%
Magic:  2/2        EV: 11    Int: 10    God:
Gold:   38         SH:  8    Dex: 11    Spells: 1/1 levels left

rFire    . . .     SeeInvis .   a - +0 war axe
rCold    . . .     Faith    .   b - +0 kite shield
rNeg     . . .     Spirit   .   (helmet restricted)
rPois    .         Reflect  .   (no amulet)
rElec    .         Harm     .   (no ring)
rCorr    .         Rampage  .   (no ring)
Will     .....                  (no ring)
Stlth    ++........             (no ring)
HPRegen  0.07/turn              (no ring)
MPRegen  0.08/turn              (no ring)
                                (no ring)
                                (no ring)

@: no status effects
A: almost no armour, amphibious, 8 rings, camouflage 1, gelatinous body 1,
(nimble swimmer 1), tentacles
a: no special abilities


You were on level 1 of the Dungeon.
You visited 1 branch of the dungeon, and saw 1 of its levels.

You collected 38 gold pieces.

Inventory:

Hand Weapons
 a - a +0 war axe (weapon)
Armour
 b - a +0 kite shield (worn)
Potions
 c - 3 potions of might
 d - a potion of invisibility {unknown}


   Skills:
 * Level 3.2 Fighting
 * Level 2.2 Axes
 - Level 3.0 Dodging
 * Level 3.2 Shields


You had one spell level left.
You didn't know any spells.
Your spell library was empty.

Dungeon Overview and Level Annotations

Branches:
Dungeon (1/15)

Altars:


Innate Abilities, Weirdness & Mutations

You cannot wear most types of armour.
You are amphibious.
You can wear up to eight rings at the same time.
Your skin changes colour to match your surroundings (Stealth+).
Your rubbery body absorbs attacks. (AC +1, EV +1)
((You are camouflaged near water. (Stealth+)))
You have tentacles for arms and can constrict up to eight enemies at once.


Message History

You barely miss the kobold. x2; You slash the bush!
You hit the plant.
The plant begins to die.
The kobold barely misses you. You block the kobold's attack.
The kobold hits you with a +0 short sword.
The kobold hits you with a +0 club.
The kobold hits the bush but does no damage. x2
A nearby plant withers and dies.
You miss the kobold. You grab the kobold.
You constrict the kobold, but do no damage.
The kobold struggles to escape constriction.
The kobold hits something but does no damage.
You block the kobold's attack.
The kobold hits something but does no damage.
You hit the kobold.
The kobold is moderately wounded.
You constrict the kobold.
You kill the kobold!
You have reached level 2!
You barely miss the kobold. Your grab misses the kobold.
You block the kobold's attack.
The kobold hits you with a +0 short sword.
* * * LOW HITPOINT WARNING * * *
You closely miss the kobold. You grab the kobold. You constrict the kobold.
The kobold barely misses you.
The kobold hits something but does no damage.
The kobold hits you with a +0 dagger.
* * * LOW HITPOINT WARNING * * *
You hit the kobold.
You kill the kobold!
The kobold hits you but does no damage.
You barely miss the kobold. Your grab misses the kobold.
Something bites the plant.
The plant begins to die.
The kobold barely misses you.
You slash the kobold!
You kill the kobold!
You closely miss the kobold. You block the kobold's attack.
Your shield prevents you from hitting the kobold.
Your grab misses the kobold.
The kobold hits you with a +0 short sword.
You die...

.........................#.#
#########.....##############
# ............# ♣♣##♣♣♣ #
#######.....# #♣PP...PP #
#.....# #PP...÷.P
#.....####.)......
#.....##.)....§..÷
#.....##)#P.÷.....
#......K@#PP.....#
........#### #P..≈PP
####..... ♣♣♣#♣♣ #....##
...>... ###...## .... ...##


You could see a kobold.

Vanquished Creatures
  A hobgoblin (D:1)
  A quokka (D:1)
  5 kobolds (D:1)
  A rat (D:1)
8 creatures vanquished.

Vanquished Creatures (others)
  8 plants (D:1)
8 creatures vanquished.

Grand Total: 16 creatures vanquished

Notes
Turn   | Place    | Note
-------+----------+-------------------------------------------
     0 | D:1      | Zeld the Octopode Fighter began the quest for the Orb.
     0 | D:1      | Reached XP level 1. HP: 16/16 MP: 1/1
   271 | D:1      | Reached XP level 2. HP: 8/21 MP: 2/2
   277 | D:1      | Slain by a kobold

Illustrated notes

Levels and vault maps discovered:
D:1:      lightli_arrival_windingriver, layout_basic,
          ebering_ecumenical_altar_hall, lexackson_kobold_supper

Action                   || total
-------------------------++-------
Melee: War axe           ||    15
       Constrict         ||     3
 Stab: Sleeping          ||     1
Armor: Skin              ||     1
Dodge: Dodged            ||     5
Block: Kite shield       ||     8

Table legend: (Time is in decaauts)
 A = Elapsed time spent in this place.
 B = Non-inter-level travel time spent in this place.
 C = Inter-level travel time spent in this place.
 D = Time resting spent in this place.
 E = Time spent auto-exploring this place.
 F = Levels seen in this place.
 G = Mean time per level.
                   A        B        C        D        E       F      G
               +--------+--------+--------+--------+--------+-----+--------+
         Total |    285 |    285 |      0 |      0 |    244 |   1 |  285.0 |
       Dungeon |    285 |    285 |      0 |      0 |    244 |   1 |  285.0 |
               +--------+--------+--------+--------+--------+-----+--------+

Top non-repeatable levels by time:
     D:1: 285 daAuts
